 Dungeon Crawl Stone Soup version 0.29.1-15-g9cfb28693d (webtiles) character file.

Game seed: 3640244414045512530

254 issech the Cudgeller (level 5, 0/47 HPs)
             Began as a Minotaur Monk on Feb 28, 2023.
             Slain by a white imp (2 damage)
             ... summoned by Natasha
             ... on level 3 of the Dungeon.
             The game lasted 00:07:27 (2246 turns).

issech the Cudgeller (Minotaur Monk)                Turns: 2246, Time: 00:07:29

Health: 0/47       AC:  4    Str: 16    XL:     5   Next: 91%
Magic:  4/4        EV: 13    Int:  7    God:
Gold:   53         SH:  0    Dex: 14    Spells: 4/4 levels left

rFire   . . .      SeeInvis .   r - +0 scythe
rCold   . . .      Faith    .   (shield currently unavailable)
rNeg    . . .      Spirit   .   j - +0 leather armour
rPois   .          Reflect  .   (helmet restricted)
rElec   .          Harm     .   (no cloak)
rCorr   .          Rampage  .   (no gloves)
Will    .....                   t - +0 pair of boots
Stlth   ++........              v - amulet of magic regeneration
HPRegen 0.15/turn               u - ring of flight
MPRegen 0.49/turn               (no ring)

@: flying
A: horns 2, retaliatory headbutt
a: no special abilities


You were on level 3 of the Dungeon.
You visited 1 branch of the dungeon, and saw 3 of its levels.

You collected 53 gold pieces.

Inventory:

Hand Weapons
 a - a +0 mace
 k - a +0 lajatang
 l - a +0 falchion
 r - a +0 scythe (weapon)
Missiles
 d - 44 stones (quivered)
Armour
 b - a +0 robe
 j - a +0 leather armour (worn)
 t - a +0 pair of boots (worn)
Jewellery
 u - a ring of flight (left hand)
 v - an amulet of magic regeneration (around neck)
Wands
 n - a wand of mindburst (10)
Scrolls
 f - a scroll of magic mapping {unknown}
 h - 2 scrolls of teleportation {unknown}
 i - 2 scrolls of identify {unknown}
 p - a scroll of brand weapon {unknown}
 q - a scroll of poison {unknown}
 s - a scroll of enchant weapon {unknown}
Potions
 c - a potion of ambrosia
 e - 2 potions of attraction {unknown}
 g - a potion of lignification {unknown}
 m - a potion of resistance {unknown}
 o - 2 potions of curing {unknown}


   Skills:
 + Level 4.7 Fighting
 + Level 4.8(5.2) Maces & Flails
 + Level 0.2(1.7) Polearms
 + Level 2.9(4.3) Staves
 + Level 2.1 Armour
 + Level 4.1 Dodging
 + Level 2.5 Stealth


You had 4 spell levels left.
You didn't know any spells.
Your spell library contained the following spells:

 Spells                   Type           Power      Damage    Failure   Level
 Portal Projectile        Hex/Tloc       0%         N/A       86%         3
 Tukima's Dance           Hex            0%         N/A       86%         3
 Blade Hands              Tmut           0%         N/A       100%        5
 Malign Gateway           Summ/Tloc      0%         N/A       100%        7
 Summon Horrible Things   Summ           0%         N/A       100%        8


Dungeon Overview and Level Annotations

Branches:
Dungeon (3/15)

Altars:
Fedhas

Annotations:
D:3 Natasha


Innate Abilities, Weirdness & Mutations

You have a pair of horns on your head.
You reflexively headbutt those who attack you in melee.


Message History

Press: ? - help, Dir - move target, f - Natasha
Aim: Natasha (about 57% to evade your +0 scythe)
The white imp is in the way.
You puncture the white imp!
The white imp is almost dead.
The white imp gestures at you. The puff of frost hits you!
The white imp hits you. The white imp freezes you.
Reach: r) +0 scythe
Press: ? - help, Dir - move target, f/p - Natasha
Aim: Natasha (about 57% to evade your +0 scythe)
You reach to attack!
You barely miss Natasha. The white imp barely misses you.
You furiously retaliate!
You headbutt the white imp! The white imp gestures at you.
The puff of frost hits you.
* * * LOW HITPOINT WARNING * * *
Natasha mumbles some strange words.
You feel disoriented.
Reach: r) +0 scythe
Press: ? - help, Dir - move target, f/p - Natasha
Aim: Natasha (about 57% to evade your +0 scythe)
The crimson imp is in the way.
You closely miss the crimson imp.
The crimson imp hits you but does no damage.
The white imp barely misses you. The crimson imp misses you.
Unknown command.
Reach: r) +0 scythe
Press: ? - help, Dir - move target, f/p - Natasha
Aim: Natasha (about 57% to evade your +0 scythe)
You reach to attack!
You hit Natasha but do no damage. The white imp gestures at you.
The puff of frost hits you!
* * * LOW HITPOINT WARNING * * *
The crimson imp hits you but does no damage.
The white imp shouts, "Out, out, thou errant tip-merry harpy!"
Reach: r) +0 scythe
Press: ? - help, Dir - move target, f/p - Natasha
Aim: Natasha (about 57% to evade your +0 scythe)
The crimson imp is in the way.
You closely miss the crimson imp. The crimson imp hits you.
* * * LOW HITPOINT WARNING * * *
The white imp hits you.
You die...

##### #...# #...# #...#
########...#####
.......o......>#
......#####.##.#########
##....# #.#.h5@5......
(#....# #....#5#.####.
$#....# #.#.......#
!#..### #.#.......#
##o.# #.##.....$.. ....#
#....#.#.#### ....#
####.#.#.# ....# #...#..
....# .#


You could see Natasha, a crimson imp (summoned) and 2 white imps.

Vanquished Creatures
  Sigmund (D:3)
  An orc wizard (D:3)
  A gnoll (D:1)
  An adder (D:2)
  A worm (D:2)
  3 orcs
  5 bats
  3 endoplasms (D:1)
  2 giant cockroaches (D:1)
  5 goblins
  4 hobgoblins
  3 quokkas
  4 ball pythons
  2 frilled lizards (D:2)
  4 kobolds
  2 rats
42 creatures vanquished.

Vanquished Creatures (others)
  4 plants (D:2)
4 creatures vanquished.

Grand Total: 46 creatures vanquished

Notes
Turn   | Place    | Note
-------+----------+-------------------------------------------
     0 | D:1      | issech the Minotaur Monk began the quest for the Orb.
     0 | D:1      | Reached XP level 1. HP: 19/19 MP: 0/0
    58 | D:1      | Reached XP level 2. HP: 15/27 MP: 1/1
   243 | D:1      | Found a faded altar of an unknown god.
   442 | D:1      | Reached XP level 3. HP: 33/33 MP: 2/2
  1317 | D:2      | Found a blossoming altar of Fedhas.
  2100 | D:3      | Noticed Sigmund
  2107 | D:3      | Killed Sigmund
  2108 | D:3      | Reached XP level 4. HP: 41/41 MP: 3/3
  2108 | D:3      | Reached XP level 5. HP: 47/47 MP: 4/4
  2208 | D:3      | Noticed Natasha
  2246 | D:3      | HP: 2/47 [crimson imp[Natasha] (1)]
  2246 | D:3      | Slain by a white imp

Illustrated notes

Levels and vault maps discovered:
D:1:      wander_arrival_estate, layout_loops_ring,
          hellmonk_ecumenical_altar_run_dry
D:2:      layout_loops_corners, serial_forest, infiniplex_forest_clump_tiny,
          infiniplex_forest_clump_tiny, infiniplex_forest_corner_2,
          infiniplex_forest_straight_4, infiniplex_forest_straight_4,
          infiniplex_forest_end_3, infiniplex_forest_zigzag_1,
          infiniplex_forest_end_3, infiniplex_forest_lined_2,
          infiniplex_forest_straight_3, basic_altar,
          hangedman_abyss_or_decor_lesser_grid, minmay_misc_feat_pillars,
          minmay_misc_feat_room
D:3:      layout_basic, grunt_temple_overflow_lords_of_destruction,
          due_unseen_surprise, uniq_jessica, uniq_sigmund, uniq_natasha

Skill      XL: |  1  2  3 |
---------------+----------+-----
Fighting       | 4 |  4.7
Maces & Flails | 4 |  4.8
Staves         | 2 |  2.9
Armour         | 2 |  2.1
Dodging        | 4 |  4.1
Stealth        | 2 |  2.5
Polearms       | |  0.2

Action                   |  1- 3 |  4- 6 || total
-------------------------+-------+-------++-------
Melee: Mace              |    30 |       ||    30
       Headbutt          |    14 |     1 ||    15
       Lajatang          |    40 |       ||    40
       Halberd           |       |    19 ||    19
 Stab: Sleeping          |     6 |       ||     6
Armor: Robe              |     9 |       ||     9
       Leather armour    |     6 |     6 ||    12
Dodge: Dodged            |    37 |    17 ||    54
